 Dungeon Crawl Stone Soup version 0.28.0-53-g5a82cb258f (webtiles) character file.

Game seed: 4158120952514157675

286 safid the Chopper (level 6, -1/52 HPs)
             Began as a Hill Orc Fighter on Aug 22, 2022.
             Slain by an ogre
             ... wielding a +0 giant spiked club
              (17 damage)
             ... on level 5 of the Dungeon.
             The game lasted 00:04:27 (3537 turns).

safid the Chopper (Hill Orc Fighter)                Turns: 3537, Time: 00:04:28

Health: -1/52      AC: 12    Str: 21    XL:     6   Next: 30%
Magic:  6/6        EV:  5    Int:  8    God:
Gold:   129        SH:  4    Dex: 10    Spells: 5/5 levels left

rFire   . . .      SeeInvis .   a - +0 war axe
rCold   . . .      Faith    .   c - +0 buckler
rNeg    + . .      Spirit   .   j - +0 plate armour
rPois   .          Reflect  .   q - +0 helmet
rElec   .          Harm     .   (no cloak)
rCorr   .          Rampage  .   (no gloves)
Will    .....                   (no boots)
Stlth   ..........              (no amulet)
HPRegen 0.17/turn               i - ring of positive energy
MPRegen 0.10/turn               (no ring)

@: no status effects
A: no striking features
a: no special abilities


You were on level 5 of the Dungeon.
You visited 1 branch of the dungeon, and saw 5 of its levels.

You collected 129 gold pieces.

Inventory:

Hand Weapons
 a - a +0 war axe (weapon)
Missiles
 w - 5 poisoned darts (quivered)
Armour
 c - a +0 buckler (worn)
 j - a +0 plate armour (worn)
 q - a +0 helmet (worn)
Jewellery
 i - a ring of positive energy (left hand)
Wands
 p - a wand of flame (22)
 y - a wand of polymorph (9)
Scrolls
 f - 2 scrolls of fog {unknown}
 g - 5 scrolls of identify {unknown}
 k - a scroll of fear {unknown}
 l - a scroll of immolation {unknown}
 m - 2 scrolls of enchant armour {unknown}
 n - a scroll of magic mapping {unknown}
 t - 3 scrolls of teleportation {unknown}
 v - a scroll of enchant weapon {unknown}
Potions
 b - 5 potions of curing
 d - a potion of might
 e - 2 potions of cancellation {unknown}
 h - a potion of degeneration {unknown}
 o - a potion of ambrosia {unknown}
 r - a potion of mutation {unknown}
 s - a potion of berserk rage {unknown}
 u - a potion of attraction {unknown}
 x - a potion of heal wounds {unknown}


   Skills:
 - Level 4.0 Fighting
 + Level 7.4 Axes
 - Level 4.0 Armour
 - Level 4.0 Shields


You had 5 spell levels left.
You didn't know any spells.
Your spell library contained the following spells:

 Spells                   Type           Power      Damage    Failure   Level
 Shock                    Conj/Air       0%         1d3       100%        1
 Sublimation of Blood     Necr           0%         N/A       100%        2
 Wereblood                Tmut           0%         N/A       100%        2
 Swiftness                Air            0%         N/A       100%        3
 Airstrike                Air            0%         N/A       100%        4
 Summon Hydra             Summ           0%         N/A       100%        7


Dungeon Overview and Level Annotations

Branches:
Dungeon (5/15)
 Temple: D:4-7

Altars:


Message History

There is a stone staircase leading up here.
There is a stone staircase leading up here.
An ogre comes into view. It is wielding a +0 giant spiked club.
The ogre shouts!
An ogre is nearby!
A quokka comes into view.
Found a scroll labelled EFRA WERAIFF.
Throw: 6 darts (poison)
Press: ? - help, Q - select action, (/) - cycle Shift-Dir - straight line, f - ogre
Aim: an ogre, wielding a +0 giant spiked club (73% to hit)
You throw a poisoned dart.
The poisoned dart barely misses the ogre.
Unknown command.
Throw: 5 darts (poison)
Press: ? - help, Q - select action, (/) - cycle Shift-Dir - straight line, f/p - ogre
Aim: an ogre, wielding a +0 giant spiked club (73% to hit)
Okay, then.
You closely miss the ogre.
The ogre hits you with a +0 giant spiked club!
You hit the ogre.
The ogre is lightly wounded.
You slash the ogre!
The ogre is heavily wounded.
You block the ogre's attack.
You slash the ogre!
The ogre is severely wounded.
You miss the quokka. The quokka bites you.
The ogre hits you with a +0 giant spiked club!
The quokka barely misses you.
Unknown command.
You hit the ogre but do no damage.
The ogre is severely wounded.
You hit the quokka but do no damage.
The ogre hits you with a +0 giant spiked club!
The quokka bites you but does no damage.
You hit the ogre.
The ogre is almost dead.
You closely miss the quokka. The quokka bites you.
The ogre hits you with a +0 giant spiked club!
You die...

.....# #.
....# #. #
....###.
.##.
....(.##
.r..
#....[.#
.....##.....
.....#..O.#
.......r@##
.?..#....# .
#####....#
...
#.#.####.#
.....##.<#
#.#
........##
#.#
.######## ##


You could see an ogre and a quokka.

Vanquished Creatures
  A hound (D:4)
  Terence (D:2)
  Jessica (D:2)
  An orc wizard (D:3)
  A hound zombie (D:3)
  Robin (D:2)
  6 adders
  2 adder skeletons (D:4)
  2 orcs (D:3)
  5 bats
  3 endoplasms
  6 giant cockroaches
  15 goblins
  12 hobgoblins
  10 kobolds
  3 quokkas
  12 ball pythons
  3 frilled lizards
  4 rats
89 creatures vanquished.

Vanquished Creatures (others)
  10 plants (D:3)
10 creatures vanquished.

Grand Total: 99 creatures vanquished

Notes
Turn   | Place    | Note
-------+----------+-------------------------------------------
     0 | D:1      | safid the Hill Orc Fighter began the quest for the Orb.
     0 | D:1      | Reached XP level 1. HP: 19/19 MP: 1/1
   328 | D:1      | Reached skill level 3 in Axes
   328 | D:1      | Reached XP level 2. HP: 21/27 MP: 2/2
   861 | D:2      | Reached XP level 3. HP: 23/33 MP: 3/3
   998 | D:2      | Noticed Jessica
  1005 | D:2      | Killed Jessica
  1033 | D:2      | Reached XP level 4. HP: 40/40 MP: 4/4
  1078 | D:2      | Reached skill level 4 in Axes
  1226 | D:2      | Noticed Terence
  1238 | D:2      | Killed Terence
  1239 | D:2      | Reached skill level 5 in Axes
  1239 | D:2      | Reached XP level 5. HP: 9/46 MP: 5/5
  1475 | D:2      | Found a faded altar of an unknown god.
  1500 | D:2      | Noticed Robin
  1512 | D:2      | Killed Robin
  1951 | D:3      | Reached skill level 6 in Axes
  2402 | D:3      | Reached XP level 6. HP: 42/52 MP: 6/6
  2936 | D:4      | Reached skill level 7 in Axes
  3523 | D:5      | Entered Level 5 of the Dungeon
  3537 | D:5      | Slain by an ogre

Illustrated notes

Levels and vault maps discovered:
D:1:      giann_wishing_wells, layout_basic, minmay_pentomino_q4
D:2:      layout_basic, nicolae_ecumenical_pavilion, minmay_snake_closets,
          uniq_robin, uniq_jessica, uniq_terence
D:3:      layout_loops_ring, chequers_big_river
D:4:      layout_basic
D:5:      layout_layer_cave, minmay_temple_entry_mist, grunt_decor_one_mirror,
          uniq_sigmund, uniq_ijyb

Skill      XL: |  1  2  3  4  5  6 |
---------------+-------------------+-----
Axes           | 3 5 6 7 |  7.4
Fighting       | 4 |  4.0
Shields        | 4 |  4.0
Armour         | 4 |  4.0

Action                   |  1- 3 |  4- 6 || total
-------------------------+-------+-------++-------
Melee: War axe           |    57 |   171 ||   228
Throw: Dart              |       |     1 ||     1
  Use: Potion            |       |     1 ||     1
Armor: Scale mail        |    14 |       ||    14
       Plate armour      |    19 |   127 ||   146
Dodge: Dodged            |    24 |    47 ||    71
Block: Buckler           |    17 |    39 ||    56
